 Dungeon Crawl Stone Soup version 0.25-a0-464-g3004169c2b (webtiles) character file.

Game seed: 7532678437383309577, levelgen mode: deterministic

51 Epan the Digger (level 3, 0/19 HPs)
             Began as a Gargoyle Earth Elementalist on Feb 4, 2020.
             Slain by Crazy Yiuf
             ... wielding a +4 quarterstaff of chaos
              (12 damage)
             ... on level 2 of the Dungeon.
             The game lasted 00:03:39 (1174 turns).

Epan the Digger (Gargoyle Earth Elementalist)       Turns: 1174, Time: 00:03:40

Health: 0/19       AC:  5    Str: 11    XL:     3   Next: 81%
Magic:  0/7        EV: 12    Int: 16    God:
Gold:   114        SH:  0    Dex: 10    Spells: 3/7 levels left

rFire    . . .     SeeInvis .   a - +0 mace (holy)
rCold    . . .     Gourm    .   (no shield)
rNeg     + . .     Faith    .   c - +0 robe
rPois    ∞         Spirit   .   (no helmet)
rElec    +         Reflect  .   (no cloak)
rCorr    +         Harm     .   (no gloves)
MR       .....                  (no boots)
Stlth    ++........             (no amulet)
HPRegen  0.06/turn              n - ring of resist corrosion
MPRegen  0.10/turn              (no ring)

@: no status effects
A: negative energy resistance 1, electricity resistance, unbreathing,
petrification resistance, rot immunity, AC +3
a: no special abilities


You were on level 2 of the Dungeon.
You were not hungry.

You visited 1 branch of the dungeon, and saw 2 of its levels.

You collected 114 gold pieces.

Inventory:

Hand Weapons
 a - a +0 mace of holy wrath (weapon)
 g - a +0 club
Missiles
 b - 262 stones (quivered)
Armour
 c - a +0 robe (worn)
Jewellery
 n - a ring of resist corrosion (left hand)
Scrolls
 e - a scroll of fog
Potions
 f - a potion of lignification {unknown}
 h - a potion of ambrosia {unknown}
 i - 3 potions of might
 k - a potion of magic {unknown}
 l - a potion of degeneration {unknown}
 m - a potion of resistance {unknown}
Comestibles
 d - 3 rations
 j - a chunk of flesh


   Skills:
 - Level 1.5 Dodging
 - Level 2.1 Stealth
 + Level 2.9 Spellcasting
 + Level 0.6 Conjurations
   Level 0.7 Transmutations
 + Level 4.6 Earth Magic


You had 3 spell levels left.
You knew the following spells:

 Your Spells              Type           Power        Failure   Level  Hunger
a - Sandblast             Erth           ###...       2%          1    #......
b - Stone Arrow           Conj/Erth      ##....       19%         3    ###....

Your spell library contained the following spells:

 Spells                   Type           Power        Failure   Level  Hunger
 Passwall                 Tmut/Erth      ##......     10%         2    ##.....
 Petrify                  Tmut/Erth      ##......     52%         4    #####..
 Lee's Rapid Deconstruct  Erth           ###.......   61%         5    ######.


Dungeon Overview and Level Annotations

Branches:
Dungeon (2/15)

Altars:
Qazlal

Annotations:
D:2 Crazy Yiuf


Innate Abilities, Weirdness & Mutations

You are resistant to torment.
Your stone body is resilient. (AC +3)
You are immune to poison.
You resist negative energy. (rN+)
You are resistant to electric shocks. (rElec)
You can survive without breathing.
You are immune to petrification.
You are immune to rotting.


Message History

Crazy Yiuf completely misses you.
You barely miss Crazy Yiuf.
Crazy Yiuf is severely wounded.
Crazy Yiuf misses you.
You closely miss Crazy Yiuf.
Crazy Yiuf is severely wounded.
Crazy Yiuf hits you with a +4 quarterstaff of chaos!
Unknown command.
Crazy Yiuf yells, "Nubble pizzabubble testudinal!"
Casting: Sandblast (safe; 2% risk of failure)
Confirm with . or Enter, or press ? or * to list all spells.
Aiming: Sandblast (safe; 2% risk of failure)
Press: ? - help, Shift-Dir - straight line, f/p - Crazy Yiuf
Aim: Crazy Yiuf, wielding a +4 quarterstaff of chaos and wearing a +2 cloak (severely wounded)
The blast of sand hits Crazy Yiuf.
Crazy Yiuf is almost dead.
b - 262 stones Crazy Yiuf hits you with a +4 quarterstaff of chaos!
Ouch! That really hurt!
You die...

.#### #.# ....# #.#
....# #.# ....# #.#
....# #.# ....# #.#
....# #.##♣♣♣♣♣ ....##
#..#..♣.♣♣♣ ###
.#...####......♣@g♣#...#
......##......♣♣♣♣.'...#
.#...###...#.♣♣ ♣♣#..)#
.#...###..##♣♣ ###
..........# ##...######
....## ###.# #.#


You could see Crazy Yiuf.

Vanquished Creatures
  A gnoll (D:1)
  A worm (D:2)
  2 dart slugs (D:1)
  A leopard gecko (D:2)
  8 goblins
  4 hobgoblins
  7 bats
  2 frilled lizards (D:2)
  5 kobolds
  4 rats (D:1)
35 creatures vanquished.

Notes
Turn   | Place    | Note
-------+----------+-------------------------------------------
     0 | D:1      | Epan the Gargoyle Earth Elementalist began the quest for
                  | the Orb.
     0 | D:1      | Reached XP level 1. HP: 10/10 MP: 3/3
   168 | D:1      | Reached skill level 4 in Earth Magic
   168 | D:1      | Reached XP level 2. HP: 15/15 MP: 0/5
   365 | D:1      | Reached XP level 3. HP: 13/19 MP: 6/6
   757 | D:1      | Learned a level 3 spell: Stone Arrow
   792 | D:2      | Found a stormy altar of Qazlal.
  1160 | D:2      | Found a runed translucent door.
  1161 | D:2      | Noticed Crazy Yiuf
  1174 | D:2      | Slain by Crazy Yiuf

Levels and vault maps discovered:
D:1:      zaba_arrival_water, layout_loops_ring
D:2:      layout_loops_ring, grunt_qazlal_sundering, yredelemnul_altar_generic,
          chequers_serial_rivers_micro_e, uniq_sigmund, uniq_crazy_yiuf_cottage

Skill      XL: |  1 |
---------------+----+-----
Earth Magic    | 4 |  4.6
Dodging        | |  1.5
Stealth        | |  2.1
Spellcasting   | |  2.9
Conjurations   | |  0.6
Transmutations | |  0.7

Action                   || total
-------------------------++-------
Melee: Club              ||     3
       Mace              ||    66
 Cast: Sandblast         ||    26
       Stone Arrow       ||     1
  Use: Scroll            ||     2
 Stab: Sleeping          ||     4
  Eat: Chunk             ||     1
Armor: Robe              ||    56
Dodge: Dodged            ||    89

Table legend:
 A = Non-vault XP
 B = Vault XP
 C = Vault XP percentage of total XP
 D = Non-vault monster count
 E = Vault monster count
 F = Vault count percentage of total count
                 A         B        C        D         E       F
            +---------+---------+-------+---------+---------+-------
      Total |      73 |       0 |   0.0 |      35 |       0 |   0.0
            +---------+---------+-------+---------+---------+-------
        D:1 |      45 |       0 |   0.0 |      20 |       0 |   0.0
        D:2 |      28 |       0 |   0.0 |      15 |       0 |   0.0
            +---------+---------+-------+---------+---------+-------
